 Dungeon Crawl Stone Soup version bcrawl-1.21.2-1-g32d02e0829 (webtiles) character file.

Game seed: 180628752301119741

903 Mrkan the Cudgeler (level 8, -3/50 HPs)
             Began as a Gargoyle Monk on Feb 23, 2020.
             Was a Priest of Okawaru.
             Slain by a troll (4 damage)
             ... on level 5 of the Dungeon.
             The game lasted 00:08:59 (5565 turns).

Mrkan the Cudgeler (Gargoyle Monk)                  Turns: 5565, Time: 00:09:00

Health: -3/50      AC: 20    Str: 17    XL:     8   Next: 7%
Magic:  0/9        EV:  6    Int: 11    God:    Okawaru [***...]
Gold:   248        SH:  0    Dex: 12    Spells: 7/7 levels left

rFire    . . .     SeeInvis .   a - +0 mace
rCold    . . .     Gourm    .   (no shield)
rNeg     + . .     Faith    .   u - +0 plate armour
rPois    ∞         Spirit   +   i - +1 helmet
rElec    +         Reflect  .   (no cloak)
rCorr    .         Harm     .   (no gloves)
MR       .....                  r - +0 pair of boots
Stlth    ..........             d - amulet of guardian spirit
HPRegen  0.16/turn              (no ring)
MPRegen  0.11/turn              (no ring)

@: no status effects
A: negative energy resistance 1, electricity resistance, unbreathing,
petrification resistance, rot immunity, AC +5
a: Heroism, Renounce Religion


You were on level 5 of the Dungeon.
You worshipped Okawaru.
Okawaru was most pleased with you.
You were not hungry.

You visited 1 branch of the dungeon, and saw 5 of its levels.

You collected 369 gold pieces.
You spent 121 gold pieces at shops.

Inventory:

Hand Weapons
 a - a +0 mace (weapon)
Armour
 i - a +1 helmet (worn)
 r - a +0 pair of boots (worn)
 u - a +0 plate armour (worn)
 y - the +4 ring mail "Leokli" {rC+}
   (You found it on level 5 of the Dungeon)

   It protects you from cold.
Jewellery
 d - an amulet of guardian spirit (around neck)
 p - an uncursed ring of insulation {unknown}
 t - an uncursed amulet of magic regeneration {unknown}
 x - an uncursed ring of see invisible {unknown}
Wands
 h - a wand of random effects (9)
 k - a wand of enslavement (6)
 q - a wand of acid (4)
Scrolls
 b - a scroll of enchant armour
 f - 5 scrolls of remove curse
 l - a scroll of teleportation
 m - 4 scrolls of identify
 n - a scroll of magic mapping
 s - a scroll of enchant weapon {unknown}
Potions
 c - 2 potions of brilliance
 j - a potion of mutation {unknown}
 o - 3 potions of lignification
 v - a potion of flight
 w - a potion of invisibility
 z - 4 potions of curing
 A - a potion of cancellation {unknown}
Comestibles
 e - 6 rations {!d}
 g - 4 chunks of flesh


   Skills:
 + Level 5.4 Fighting
 * Level 6.4 Maces & Flails
 + Level 4.1 Armour
 + Level 4.0 Dodging
 - Level 2.4 Stealth
 - Level 2.1 Invocations


You had 7 spell levels left.
You didn't know any spells.
Your spell library was empty.

Dungeon Overview and Level Annotations

Branches:
Dungeon (5/12)
 Temple: D:4-7

Altars:
Fedhas
Okawaru
Uskayaw

Shops:
D:4 !   D:5 }

Annotations:
D:3 2 runed translucent doors, Quickbrownfox's ghost, weakling DsAc


Innate Abilities, Weirdness & Mutations

You are resistant to torment.
Your stone body is resilient. (AC +5)
You are immune to poison.
You resist negative energy. (rN+)
You are resistant to electric shocks. (rElec)
You can survive without breathing.
You are immune to petrification.
You are immune to rotting.


Message History

You hit the troll.
The troll is severely wounded.
The troll bites you but does no damage. The troll claws you but does no damage.
The troll claws you!
* * * LOW HITPOINT WARNING * * *
You closely miss the troll.
The troll is heavily wounded.
The troll bites you.
* * * LOW HITPOINT WARNING * * *
The troll claws you but does no damage. The troll claws you.
* * * LOW HITPOINT WARNING * * *
You thump the troll!
The troll is almost dead.
The troll barely misses you. x2; The troll claws you but does no damage.
You closely miss the troll.
The troll is severely wounded.
The troll bites you!
* * * LOW HITPOINT WARNING * * *
The troll claws you but does no damage. The troll claws you.
You die...

###**,**,***,******
......#*,,,..,,,,.#
#######****#.#***.#
# #.# *.# #.# *.#
#.# *.# #.# *.#
#.####T# #....@.#
#.###### #.....#
#.###.# #.# *,*
##.##*,* ##...##,*
###.....#,*
#.......#,*


You could see a troll.

Vanquished Creatures
  2 ogres (D:5)
  A phantom (D:5)
  2 crimson imps
  A bullfrog zombie (D:5)
  A hound (D:5)
  An orc priest (D:5)
  3 bullfrog skeletons
  2 orc wizards (D:5)
  Jessica (D:2)
  Ijyb (D:3)
  4 worker ants
  A howler monkey zombie (D:4)
  Robin (D:2)
  5 adders
  A shadow imp (D:5)
  An ooze (D:1)
  5 worms (D:3)
  2 dart slugs (D:2)
  3 leopard geckos
  8 orcs
  7 bats
  A giant cockroach (D:2)
  17 goblins
  13 hobgoblins
  5 quokkas
  2 ball pythons
  A frilled lizard (D:1)
  6 kobolds
  A leopard gecko skeleton (D:5)
  A quokka skeleton (D:4)
  11 rats
111 creatures vanquished.

Notes
Turn   | Place    | Note
-------+----------+-------------------------------------------
     0 | D:1      | Mrkan the Gargoyle Monk began the quest for the Orb.
     0 | D:1      | Reached XP level 1. HP: 14/14 MP: 2/2
   225 | D:1      | Reached XP level 2. HP: 13/19 MP: 1/3
   671 | D:2      | Reached skill level 1 in Armour
   730 | D:2      | Reached XP level 3. HP: 23/23 MP: 4/4
   846 | D:2      | Noticed Jessica
   854 | D:2      | Killed Jessica
   909 | D:2      | Noticed Robin
   931 | D:2      | Reached XP level 4. HP: 20/29 MP: 3/5
   981 | D:2      | Killed Robin
  1211 | D:2      | Found an iron altar of Okawaru.
  1232 | D:2      | Reached skill level 4 in Maces & Flails
  1250 | D:2      | Became a worshipper of Warmaster Okawaru
  1250 | D:2      | Reached * piety under Okawaru
  1250 | D:2      | Reached ** piety under Okawaru
  1464 | D:2      | Found a hide-covered altar of Uskayaw.
  1909 | D:3      | Reached XP level 5. HP: 33/33 MP: 6/6
  1926 | D:3      | Found a runed translucent door.
  1930 | D:3      | Noticed Quickbrownfox's ghost (weakling DsAc)
  2419 | D:3      | Noticed Ijyb
  2460 | D:3      | Killed Ijyb
  2783 | D:3      | Found a runed translucent door.
  2800 | D:3      | Found a blossoming altar of Fedhas.
  3293 | D:4      | Reached XP level 6. HP: 36/39 MP: 7/7
  3773 | D:4      | Reached skill level 5 in Maces & Flails
  4078 | D:4      | Found Duguima's Distillery.
  4086 | D:4      | Bought a potion of lignification for 33 gold pieces
  4086 | D:4      | Bought a potion of curing for 33 gold pieces
  4086 | D:4      | Bought a potion of heal wounds for 55 gold pieces
  4631 | D:5      | Entered Level 5 of the Dungeon
  4805 | D:5      | Got a polished ring mail
  4807 | D:5      | Identified the +4 ring mail "Leokli" {rC+} (You found it on
                  | level 5 of the Dungeon)
  4832 | D:5      | Reached XP level 7. HP: 39/44 MP: 6/8
  4972 | D:5      | Reached skill level 5 in Fighting
  4989 | D:5      | Found Icry's Gadget Shoppe.
  5189 | D:5      | Reached skill level 6 in Maces & Flails
  5377 | D:5      | Reached *** piety under Okawaru
  5377 | D:5      | Reached XP level 8. HP: 50/50 MP: 7/9
  5549 | D:5      | Noticed a troll
  5565 | D:5      | HP: 1/50 [troll (5)]
  5565 | D:5      | Slain by a troll

Skill      XL: |  1  2  3  4  5  6  7 |
---------------+----------------------+-----
Armour         | 1 2 3 4 |  4.1
Maces & Flails | 4 5 6 |  6.4
Fighting       | 4 5 |  5.4
Dodging        | 3 4 |  4.0
Stealth        | |  2.4
Invocations    | |  2.1

Action                   |  1- 3 |  4- 6 |  7- 9 || total
-------------------------+-------+-------+-------++-------
Melee: Mace              |    80 |   426 |   163 ||   669
       Unarmed           |       |    20 |       ||    20
       Punch             |       |       |     1 ||     1
Invok: Heroism           |       |       |     1 ||     1
  Use: Potion            |       |     3 |     1 ||     4
       Scroll            |       |    12 |       ||    12
  Eat: Chunk             |       |    10 |     3 ||    13
       Ration            |       |     1 |       ||     1
Armor: Ring mail         |    22 |       |       ||    22
       Scale mail        |    27 |   103 |       ||   130
       Plate armour      |       |   257 |   125 ||   382
       Skin              |       |     1 |       ||     1
Dodge: Dodged            |    57 |   208 |    64 ||   329
